 Dungeon Crawl Stone Soup version 0.30-a0-4-ga7cffc901d (webtiles) character file.

Game seed: 13587703588473233810

548 Sobieck the Cutter (level 7, -7/37 HPs)
             Began as a Vine Stalker Monk on Aug 20, 2022.
             Was a Priest of Okawaru.
             Splashed by a jelly's acid (9 damage)
             ... on level 5 of the Dungeon.
             The game lasted 00:12:10 (4920 turns).

Sobieck the Cutter (Vine Stalker Monk)              Turns: 4920, Time: 00:12:11

Health: -7/37      AC: -5    Str: 13    XL:     7   Next: 28%
Magic:  0/9        EV: 12    Int: 10    God:    Okawaru [***...]
Gold:   251        SH:  0    Dex: 19    Spells: 6/6 levels left

rFire   . . .      SeeInvis .    B - +1 rapier (elec) {short}
rCold   . . .      Faith    .    (no shield)
rNeg    . . .      Spirit   +    j - +1 ring mail
rPois   .          Reflect  .    (no helmet)
rElec   .          Harm     .    (no cloak)
rCorr   .          Rampage  .    (no gloves)
Will    .....                    (no boots)
Stlth   ++........               z - amulet of regeneration {@e2}
HPRegen 1.72/turn                (no ring)
MPRegen 0.11/turn                (no ring)

@: corroded
A: fangs 2, regeneration 1, magic shield, antimagic bite, no potion heal 2
a: Renounce Religion, Heroism


You were on level 5 of the Dungeon.
You worshipped Okawaru.
Okawaru was most pleased with you.
You visited 1 branch of the dungeon, and saw 5 of its levels.
You also visited: Sewer.

You collected 251 gold pieces.


Innate Abilities, Weirdness & Mutations

You have extremely sharp teeth.
Your natural rate of healing is unusually fast.
When hurt, damage is shared between your health and your magic reserves.
Your bite disrupts and absorbs the magic of your enemies.
Potions cannot restore your health.


   Skills:
 + Level 3.7 Fighting
 * Level 5.0 Short Blades
 - Level 1.0 Armour
 + Level 3.2 Dodging
 + Level 4.8 Stealth
 + Level 2.1 Invocations


You had 6 spell levels left.
You didn't know any spells.
Your spell library contained the following spells:

 Spells                   Type           Power      Damage    Failure   Level
 Apportation              Tloc           0%         N/A       63%         1
 Necrotise                Necr           0%         1d4       63%         1
 Summon Small Mammal      Summ           Unusable   N/A       N/A         1

Inventory:

Hand Weapons
 a - a +0 short sword {short}
 e - a +1 whip of pain {mace}
   (You found it on level 1 of the Dungeon)
 f - a +1 vorpal falchion {long}
   (You found it on level 2 of the Dungeon)
 t - a +1 vampiric whip {mace}
   (You took it off a kobold on level 2 of the Dungeon)
 w - a +0 trident of protection {polearm}
   (You found it on level 3 of the Dungeon)
 B - a +1 rapier of electrocution (weapon) {short}
   (You found it on level 4 of the Dungeon)
Missiles
 l - 24 stones (quivered) {throwing}
 n - 10 poisoned darts {throwing}
Armour
 b - a +0 robe
 d - a +0 leather armour
   (You found it on level 1 of the Dungeon)
 g - a +0 leather armour
   (You found it on level 2 of the Dungeon)
 h - a +0 plate armour
   (You found it on level 2 of the Dungeon)
 j - a +1 ring mail (worn)
   (You found it on level 2 of the Dungeon)
 v - a +0 chain mail
   (You found it on level 2 of the Dungeon)
 A - a +0 robe
   (You found it on level 3 of the Dungeon)
 D - a +0 robe
   (You took it off Sigmund on level 4 of the Dungeon)
Jewellery
 z - an amulet of regeneration (around neck) {@e2}
   (You found it on level 3 of the Dungeon)
Wands
 E - a wand of flame (29)
   (You took it off Sigmund on level 4 of the Dungeon)
Scrolls
 k - a scroll of butterflies
 u - 4 scrolls of teleportation {@r4}
 x - 2 scrolls of noise {!r}
Potions
 c - a potion of ambrosia
 m - a potion of haste {@q3}
 o - a potion of might {unknown}
 p - a potion of flight
 q - a potion of invisibility
 r - 3 potions of curing {unknown}

Dungeon Overview and Level Annotations

Branches:
Dungeon (5/15) Zot: 25871   Sewer (visited)
 Temple: D:4-7

Altars:
Dithmenos
Kikubaaqudgha
Okawaru
Sif Muna
Xom

Annotations:
D:3 2 runed translucent doors, gregwegmann's ghost, amateur TrTm

#.....# #..
#.....# #..#
#.....##### #..#
#....5....# #..#
#....>....+
#..###+#.........#
#..##..####5#....#
#........z..+....#
#.......@J..#..z.#
#..##..##...#....#
#..##..##...#....#
#......##...#....#
#.......#...+....#
#.......#...#
#..##...#...#
#..##..######
#..+.<.#


You could see a jelly, a wight and a shadow imp.


Message History

You kill the adder!
Okawaru accepts your kill.
No target in view!
A kobold comes into view. It is wielding a +0 club.
Danger!
The kobold shouts!
You hit the kobold but do no damage. You bite the kobold. You drain its power.
The kobold barely misses you.
You puncture the kobold!
You kill the kobold!
Okawaru accepts your kill.
No target in view!
You see here a +0 halberd {polearm}.
A quokka comes into view.
Danger!
The quokka closely misses you.
You hit the quokka. The quokka misses you.
You hit the quokka.
The quokka bites you but does no damage.
You puncture the quokka!
You kill the quokka!
Okawaru accepts your kill.
No target in view!
There is an ancient bone altar of Kikubaaqudgha here.
You see here a +0 dagger {short}.
A dart slug comes into view.
Danger!
You hit the dart slug.
Lightning courses through the dart slug!
You kill the dart slug!
No target in view!
No target in view!
Found a stone staircase leading down.
Unknown command.
You see here a potion of degeneration {!q@e2}.
Done exploring.
Done exploring.
Done exploring.
(D) Dungeon
Where to? (Enter - D:3 @ (x,y), ? - help)
There is a stone staircase leading down here.
You climb downwards.
There is a stone staircase leading up here.
Key pressed, stopping travel.
Unknown command.
Unknown command.
Okay, then.
Unknown command.
You climb upwards.
There is a stone staircase leading down here.
As you read the scroll labelled VUHYOH TIZUGH, it crumbles to dust.
It is a scroll of enchant armour.
Your +0 ring mail glows green for a moment.
As you read the scroll labelled WESHIU NIRODE, it crumbles to dust.
You feel momentarily disoriented.
It was a scroll of magic mapping.
As you read the scroll labelled LEGRASEILON, it crumbles to dust.
You assume a fearsome visage.
Nothing appears to happen.
It was a scroll of fear.
As you read the scroll labelled GIENOM CODI, it crumbles to dust.
The air around you briefly surges with heat, but it dissipates.
It was a scroll of immolation.
Unknown command.
Unknown command.
You climb downwards.
There is a stone staircase leading up here.
Unknown command.
Unknown command.
You open the door.
A shadow imp comes into view.
Found a stone staircase leading down.
Danger!
A jelly comes into view.
There is an open door here.
A wight comes into view. It is wielding a +4 great sword.
You hit the jelly. The acid corrodes you!
Your hands burn!
You bite the jelly, but do no damage. The jelly completely misses you.
You puncture the jelly!
Your hands burn!
Your bite misses the jelly. The jelly hits you. The acid corrodes you!
You are splashed with acid!
You are too injured to fight recklessly!
Unknown command.
The shadow imp gestures at you. Pain shoots through your body!
There is an open door here.
The jelly attacks as you move away! The jelly hits you.
You are splashed with acid!
* * * LOW HITPOINT WARNING * * *
Unknown command.
You hit the jelly.
Your hands burn!
* * * LOW HITPOINT WARNING * * *
The jelly hits you.
* * * LOW HITPOINT WARNING * * *
You are splashed with acid!
* * * LOW HITPOINT WARNING * * *
Unknown command.
You hit the jelly but do no damage. The acid corrodes you!
Your hands burn!
* * * LOW HITPOINT WARNING * * *
You bite the jelly, but do no damage. The jelly hits you.
* * * LOW HITPOINT WARNING * * *
You are splashed with acid!
You die...

Skill      XL: |  1  2  3  4  5  6 |
---------------+-------------------+-----
Short Blades   | 3 4 5 |  5.0
Stealth        | 3 4 |  4.8
Fighting       | 3 |  3.7
Armour         | 1 |  1.0
Invocations    | 1 2 |  2.1
Dodging        | 3 |  3.2

Action                   |  1- 3 |  4- 6 |  7- 9 || total
-------------------------+-------+-------+-------++-------
Melee: Short sword       |   112 |   235 |       ||   347
       Bite              |    26 |    71 |     5 ||   102
       Punch             |     2 |     6 |       ||     8
       Rapier            |       |     7 |    16 ||    23
Invok: Heroism           |       |     4 |       ||     4
  Use: Scroll            |       |     8 |     4 ||    12
       Potion            |       |     3 |       ||     3
 Stab: Sleeping          |     3 |     6 |     2 ||    11
Armor: Robe              |     7 |       |       ||     7
       Ring mail         |    17 |    70 |     1 ||    88
Dodge: Dodged            |    55 |   173 |     6 ||   234

Levels and vault maps discovered:
D:1:      heliophobic_arrival_henge, layout_basic,
          hellmonk_ecumenical_altar_leap_of_faith
D:2:      minmay_spotlight, layout_loops_ring, minmay_tripent
D:3:      layout_rooms, mainiacjoe_overflow_boulevard, nicolae_overflow_squiral,
          ebering_ghost_disaster_area, nicolae_titane
D:4:      layout_cave_pools, marbit_many_paths, mainiacjoe_overflow_chevrons,
          gup_sewer_entry_glass, uniq_sigmund
D:5:      layout_gridville, minmay_temple_entry_tees, uniq_menkaure

Notes
Turn   | Place    | Note
-------+----------+-------------------------------------------
     0 | D:1      | Sobieck the Vine Stalker Monk began the quest for the Orb.
     0 | D:1      | Reached XP level 1. HP: 11/11 MP: 2/2
   453 | D:1      | Reached XP level 2. HP: 9/16 MP: 3/3
   664 | D:1      | Reached skill level 3 in Short Blades
  1046 | D:1      | You fall into a shaft and drop 1 floor!
  1270 | D:1      | Found a faded altar of an unknown god.
  1286 | D:1      | Reached XP level 3. HP: 16/19 MP: 2/4
  1292 | D:1      | Reached skill level 3 in Stealth
  1300 | D:1      | Reached skill level 3 in Fighting
  2108 | D:2      | Reached skill level 1 in Armour
  2177 | D:2      | Gained mutation: Your natural rate of healing is unusually
                  | fast. [Vine Stalker growth]
  2177 | D:2      | Reached XP level 4. HP: 17/24 MP: 5/5
  2652 | D:3      | Found a large runed translucent door.
  2652 | D:3      | Found a large runed translucent door.
  2667 | D:3      | Noticed gregwegmann's ghost (amateur TrTm)
  2721 | D:3      | Found a shimmering blue altar of Sif Muna.
  2988 | D:3      | Found a shimmering altar of Xom.
  2991 | D:3      | Found an iron altar of Okawaru.
  3319 | D:3      | Became a worshipper of Warmaster Okawaru
  3319 | D:3      | Reached * piety under Okawaru
  3319 | D:3      | Reached ** piety under Okawaru
  3430 | D:4      | Noticed a phantom
  3464 | D:3      | Killed a phantom
  3465 | D:3      | Reached skill level 4 in Short Blades
  3465 | D:3      | Reached XP level 5. HP: 28/28 MP: 6/6
  3484 | D:4      | You pick up a book of Cantrips and begin reading...
  3484 | D:4      | You add the spells Necrotise and Apportation to your
                  | library.
  3496 | D:4      | Noticed a phantom
  3516 | D:4      | Killed a phantom
  3517 | D:4      | Reached skill level 4 in Stealth
  3517 | D:4      | Reached skill level 1 in Invocations
  3517 | D:4      | Reached XP level 6. HP: 32/32 MP: 7/7
  3592 | D:4      | Found a glowing drain.
  3629 | Sewer    | Entered a sewer
  3875 | Sewer    | HP: 8/32 [adder (2)]
  3880 | Sewer    | HP: 8/32 [poisoned by an adder]
  4508 | D:4      | Noticed Sigmund
  4521 | D:4      | Killed Sigmund
  4521 | D:4      | Reached *** piety under Okawaru
  4522 | D:4      | Reached skill level 5 in Short Blades
  4522 | D:4      | Reached skill level 3 in Dodging
  4522 | D:4      | Reached skill level 2 in Invocations
  4522 | D:4      | Reached XP level 7. HP: 37/37 MP: 9/9
  4603 | D:4      | Found a shadowy altar of Dithmenos.
  4651 | D:4      | Found an ancient bone altar of Kikubaaqudgha.
  4881 | D:5      | Entered Level 5 of the Dungeon
  4919 | D:5      | HP: 4/37 [acid (7)]
  4920 | D:5      | HP: 1/37 [acid (3)]
  4920 | D:5      | Splashed by a jelly's acid

Vanquished Creatures
  Sigmund (D:4)
  2 phantoms
  5 river rats (Sewer)
  8 adders
  An ufetubus (D:3)
  A worm (D:2)
  4 dart slugs
  An orc (D:3)
  15 ball pythons
  7 endoplasms
  8 giant cockroaches
  12 goblins
  4 hobgoblins
  9 jackals
  6 kobolds
  3 quokkas
  13 bats
  6 frilled lizards
  3 rats
109 creatures vanquished.

Table legend:
 A = Non-vault XP
 B = Vault XP
 C = Vault XP percentage of total XP
 D = Non-vault monster count
 E = Vault monster count
 F = Vault count percentage of total count
                 A         B        C        D         E       F
            +---------+---------+-------+---------+---------+-------
      Total |     358 |     425 |  54.3 |      69 |      40 |  36.7
            +---------+---------+-------+---------+---------+-------
        D:1 |      55 |       0 |   0.0 |      31 |       0 |   0.0
        D:2 |      40 |       6 |  13.0 |      16 |       4 |  20.0
        D:3 |     123 |       0 |   0.0 |       9 |       0 |   0.0
        D:4 |     140 |     264 |  65.3 |      13 |       6 |  31.6
      Sewer |       0 |     155 | 100.0 |       0 |      30 | 100.0
            +---------+---------+-------+---------+---------+-------

Illustrated notes

Table legend:
 A = Kills in this place as a percentage of kills in entire the game.
 B = Kills by you in this place as a percentage of kills by you in the entire game.
 C = Kills by friends in this place as a percentage of kills by friends in the entire game.
 D = Other kills in this place as a percentage of other kills in the entire game.
 E = Experience gained in this place as a percentage of experience gained in the entire game.
 F = Experience gained in this place divided by the number of levels of this place that you have seen.
                   A       B       C       D       E      F
               +-------+-------+-------+-------+-------+----------------------
         Total | 100.0 | 100.0 |   N/A |   N/A | 100.0 | 130.5
       Dungeon |  72.5 |  72.5 |   N/A |   N/A |  80.2 | 125.6
         Sewer |  27.5 |  27.5 |   N/A |   N/A |  19.8 | 155.0
               +-------+-------+-------+-------+-------+----------------------

Table legend: (Time is in decaauts)
 A = Elapsed time spent in this place.
 B = Non-inter-level travel time spent in this place.
 C = Inter-level travel time spent in this place.
 D = Time resting spent in this place.
 E = Time spent auto-exploring this place.
 F = Levels seen in this place.
 G = Mean time per level.
                   A        B        C        D        E       F      G
               +--------+--------+--------+--------+--------+-----+--------+
         Total |   5038 |   4906 |    132 |    742 |   2907 |   6 |  839.7 |
       Dungeon |   4127 |   3995 |    132 |    687 |   2626 |   5 |  825.4 |
         Sewer |    911 |    911 |      0 |     55 |    281 |   1 |  911.0 |
               +--------+--------+--------+--------+--------+-----+--------+

Top non-repeatable levels by time:
     D:1: 1972 daAuts
   Sewer: 911 daAuts
     D:3: 804 daAuts
     D:2: 662 daAuts
     D:4: 654 daAuts
     D:5: 32 daAuts
